Cogmind - Beta 14 @@@ ROGUE MODE // 2024.11.16 @ 01:50:44 Player: Fangrelle Result: Destroyed by G-47 Trooper with Particle Gun Performance ------------- Evolutions (2) 1000 Regions Visited (5) 1000 Robots Destroyed (87) 435 Value Destroyed (2194) 2194 Prototype IDs (28) 560 Alien Tech Used (0) 0 Bonus (318) 318 TOTAL SCORE: 5507 Bonus ------- High Alert Combat Kills 18 Aligned with FarCom 300 Cogmind --------- Core Integrity 0/550 Matter 185/300 Energy 160/160 System Corruption 0% Temperature Cool (9) Movement Core (1950) Ox38 Location -8/Materials Parts ------- > --- POWER (1) -------- Light Nuclear Core > --- PROPULSION (4) --- (None) > --- UTILITY (4) ------ Huge Storage Unit Improved Utility Shielding Hardened Heavy Armor Plating > --- WEAPON (2) ------- Assault Cannon EMP Blaster > --- INVENTORY (25) --- Light Deuterium Engine Flying Fortress v7 High-capacity Storage Unit Superbattery (1500) Experimental Sensor Array Advanced Targeting Computer Advanced Targeting Computer Advanced Targeting Computer Graphene Brace Hacking Suite Hacking Suite Improved Recalibrator PSU Rigger Precision Beam Rifle Precision Beam Rifle Gatling Laser Gatling Laser Gatling Laser Assault Cannon Rocket Launcher Remote Datajack Axe Peak State ------------ > --- POWER ------------ Light Nuclear Core > --- PROPULSION ------- Flying Fortress v7 > --- UTILITY ---------- Huge Storage Unit Improved Utility Shielding Hardened Heavy Armor Plating > --- WEAPON ----------- Assault Cannon Assault Cannon > --- INVENTORY -------- High-capacity Storage Unit Superbattery High-capacity Matter Pod Experimental Sensor Array Advanced Targeting Computer Advanced Targeting Computer Advanced Targeting Computer Graphene Brace Hacking Suite Hacking Suite Improved Recalibrator PSU Rigger Precision Beam Rifle Precision Beam Rifle Gatling Laser Gatling Laser Gatling Laser EMP Blaster Rocket Launcher Remote Datajack Axe [Rating: 61] Favorites ----------- Power Light Nuclear Core Engine Light Ion Engine Power Core Light Nuclear Core Propulsion Armored Wheel Treads Armored Treads Leg Titanium Leg Wheel Armored Wheel Flight Unit Flying Fortress v7 Utility Huge Storage Unit Device Graphene Brace Storage Huge Storage Unit Processor Improved Targeting Computer Protection Improved Utility Shielding Weapon Assault Cannon Energy Gun Gatling Laser Ballistic Gun Gauss Rifle Ballistic Cannon Assault Cannon Launcher EMP Blaster Impact Weapon Hammer Build | -11 -10 -10 -10 -9 -8 ------- Run | Yrd Mat Min Exi Min Mat Slots Evolved 4 | . . . . . 4 Power . | . . . . . . Propulsion 2 | . . . . . 2 Utility 2 | . . . . . 2 Weapon . | . . . . . . Parts Attached 78 | . 23 4 . 4 47 Power 6 | . . 1 . 1 4 Engine 4 | . . 1 . 1 2 Core 2 | . . . . . 2 Reactor . | . . . . . . Propulsion 16 | . 6 . . . 10 Treads 5 | . 2 . . . 3 Leg 3 | . . . . . 3 Wheel 7 | . 4 . . . 3 Hover . | . . . . . . Flight 1 | . . . . . 1 Utility 18 | . 5 1 . . 12 Device 3 | . . . . . 3 Storage 3 | . 3 . . . . Processor 3 | . . 1 . . 2 Hackware . | . . . . . . Protection 9 | . 2 . . . 7 Artifact . | . . . . . . Weapon 38 | . 12 2 . 3 21 Energy Gun 15 | . 5 . . 2 8 Energy Cannon . | . . . . . . Ballistic Gun 2 | . . . . . 2 Ballistic Cannon 9 | . 1 . . . 8 Launcher 10 | . 5 2 . 1 2 Special Weapon . | . . . . . . Impact Weapon 2 | . 1 . . . 1 Slashing Weapon . | . . . . . . Piercing Weapon . | . . . . . . Special Melee Weapon . | . . . . . . Unidentified Prototypes 5 | . . . . . 5 Parts Lost 31 | . 4 2 . 1 24 Power 4 | . . . . 1 3 Propulsion 10 | . . . . . 10 Utility 6 | . 2 . . . 4 Weapon 11 | . 2 2 . . 7 Highest Loss Streak 7 | . 3 2 . 1 7 To Critical Strikes . | . . . . . . Average Slot Usage (%) 76 | . 93 94 71 92 65 Engine 7 | . 14 14 14 11 2 Core 2 | . . . . . 4 Treads 2 | . . . . . 4 Leg 5 | . 12 . . . 5 Wheel 11 | . 16 28 28 28 2 Device 2 | . . . . . 3 Storage 11 | . 16 14 14 14 9 Processor 6 | . . 9 14 14 6 Protection 7 | . 5 . . . 11 Energy Gun 6 | . 14 . . 17 5 Ballistic Cannon 5 | . 3 . . . 9 Launcher 5 | . 8 27 . 5 . Peak Build Rating 61 | . 14 16 17 20 61 Average Rating 23 | . 9 14 13 19 33 On Entrance 13 | 6 6 13 16 17 20 Naked Turns . | . . . . . . Heaviest Build 128 | 11 128 93 85 89 117 Greatest Support 60 | 20 24 24 24 24 60 Greatest Overweight (x) 38 | . 6 3 3 3 38 Average Overweight (x) 4 | . 2 3 3 3 7 Largest Inventory Capacity 25 | . 25 25 25 25 25 Average Capacity 24 | . 22 25 25 25 25 Most Carried 25 | . 25 25 25 24 25 Average Carried 22 | . 15 23 24 21 23 Final Capacity 25 | 8 25 25 25 25 25 Final Carried 25 | 6 23 25 25 21 25 Class Distribution -------------------- 96% | Mutant 3% | Scavenger-Mutant Dominant Class ---------------- Mutant | -10/Materials Mutant | -10/Mines Mutant | -10/Exiles Mutant | -9/Mines Mutant | -8/Materials Resources | -11 -10 -10 -10 -9 -8 ----------- Run | Yrd Mat Min Exi Min Mat Matter Collected 1860 | 195 368 330 . 49 918 Remotely . | . . . . . . Salvage Created 2853 | . 787 215 . 53 1798 Parts 164 | . 51 21 . 7 85 Haulers Intercepted 6 | . 2 . . . 4 Recyclers Shooed 5 | . . 1 . . 4 Parts Field Recycled . | . . . . . . Retrieved Matter . | . . . . . . Parts Self-Destructed . | . . . . . . Prevented . | . . . . . . Kills | -11 -10 -10 -10 -9 -8 ------- Run | Yrd Mat Min Exi Min Mat Combat Hostiles Destroyed 57 | . 18 8 . 3 28 Melee 1 | . 1 . . . . Guns 16 | . 5 . . . 11 Cannons 12 | . 3 . . . 9 AOE 26 | . 9 7 . 3 7 Classes Destroyed 14 | . 8 1 . . 5 Worker 4 | . 2 . . . 2 Builder 4 | . 1 . . . 3 Tunneler 1 | . 1 . . . . Hauler 6 | . 2 . . . 4 Recycler 4 | . . . . . 4 Mechanic 2 | . . . . . 2 Operator 2 | . 1 . . . 1 Watcher 7 | . 3 . . . 4 Swarmer 20 | . 5 6 . 3 6 Grunt 27 | . 13 . . . 14 Brawler 1 | . . . . . 1 Sentry 6 | . . 2 . . 4 Hunter 2 | . . . . . 2 Heavy 1 | . . . . . 1 Best Kill Streak 7 | . 5 3 . 3 7 Combat Bots Only 6 | . 4 3 . 3 6 Max Kills in Single Turn 3 | . 2 3 . 1 3 Gunslinging . | . . . . . . Exploded 3 | . 2 3 . 1 2 Melee 1 | . 1 . . . . Uniques/NPCs Destroyed . | . . . . . . Combat | -11 -10 -10 -10 -9 -8 -------- Run | Yrd Mat Min Exi Min Mat Hostile Shots Fired 412 | . 92 33 . 6 281 Missed 111 | . 29 12 . 3 67 Damage Taken 4465 | . 713 273 . 36 3443 Core 764 | . 128 67 . 15 554 Absorbed by Shields . | . . . . . . Redirected to Shielding 20 | . . . . . 20 Ignored by Resistances 115 | . . . . . 115 Core Remaining (%) 58 | 100 . . . 16 . Volleys Fired 198 | . 60 10 . 3 125 Largest 2 | . 2 2 . 1 2 Hottest 160 | . 90 66 . 33 160 Shots Fired 319 | . 89 14 . 3 213 Gun 169 | . 57 . . . 112 Cannon 114 | . 17 . . . 97 Launcher 36 | . 15 14 . 3 4 Special . | . . . . . . Kinetic 140 | . 17 . . . 123 Thermal 83 | . 23 . . . 60 Explosive 3 | . 3 . . . . Electromagnetic 93 | . 46 14 . 3 30 Robot Hit Streak 27 | . 8 9 . . 27 Robot Miss Streak 10 | . 10 . . 3 5 Penetration Max . | . . . . . . Secondary Targets 1 | . . . . . 1 Max Gunslinging Chain 1 | . . . . . 1 Shots Hit Robots 216 | . 49 8 . . 159 Core Hits 150 | . 41 8 . 3 98 Critical Kills 1 | . 1 . . . . Critical Parts Destroyed . | . . . . . . Critical Strikes 4 | . 2 . . . 2 Blast 3 | . 1 . . . 2 Smash 1 | . 1 . . . . Melee Attacks 5 | . 3 . . . 2 Impact 5 | . 3 . . . 2 Slashing . | . . . . . . Piercing . | . . . . . . Sneak Attacks 1 | . . . . . 1 Combat Hostiles . | . . . . . . Follow-up Attacks . | . . . . . . Damage Inflicted 6042 | . 1411 460 . 109 4062 Guns 2340 | . 446 . . . 1894 Cannons 1469 | . 133 . . . 1336 Explosions 2054 | . 776 420 . 109 749 Melee 139 | . 56 . . . 83 Ramming 40 | . . 40 . . . Kinetic 1744 | . 133 . . . 1611 Thermal 1869 | . 193 53 . 42 1581 Explosive 335 | . 335 . . . . Electromagnetic 1915 | . 694 367 . 67 787 Impact 139 | . 56 . . . 83 Slashing . | . . . . . . Piercing . | . . . . . . Highest Corruption 1 | . 1 1 1 1 . Average Corruption 1 | . 1 1 1 1 . Corruption Purged . | . . . . . . Corruption Blocked . | . . . . . . Effects 14 | . 6 5 3 . . Message Errors 6 | . 3 2 1 . . Matter Fused 1 | . 1 . . . . Heat Flow Errors 2 | . . 1 1 . . Energy Discharges 1 | . . 1 . . . Parts Rejected 1 | . 1 . . . . Data Loss (minor) 1 | . . 1 . . . Misfires 1 | . 1 . . . . Alerts 1 | . . . 1 . . Overload Shots . | . . . . . . Overflow Damage 75 | . 20 . . 6 49 Projectiles 36 | . 5 . . . 31 Explosions 39 | . 15 . . 6 18 Melee . | . . . . . . Knockbacks 16 | . 2 1 . . 13 Impact 3 | . 1 1 . . 1 Kinetic 13 | . 1 . . . 12 Secondary . | . . . . . . Self-Inflicted Damage 233 | . 81 21 . 11 120 Shots 14 | . 5 1 . 1 7 Rammed 2 | . . 2 . . . Targets Rammed 2 | . . 2 . . . Kicked . | . . . . . . Crushed . | . . . . . . Highest Temperature 507 | . 348 250 200 . 507 Average Temperature 94 | . 100 65 110 . 94 Received Heat Transfer 1725 | . 231 63 . . 1431 Effects 7 | . . . . . 7 Shutdowns 2 | . . . . . 2 Energy Bleed 3 | . . . . . 3 Interference 2 | . . . . . 2 Siege Activations . | . . . . . . Robots Corrupted 2 | . . 1 . . 1 Combat Hostiles 2 | . . 1 . . 1 Parts Fried 6 | . 2 2 . . 2 Impact Corruptions 1 | . . 1 . . . Robots Melted . | . . . . . . Combat Hostiles . | . . . . . . Parts Melted 6 | . 1 . . . 5 Heat Transferred 3798 | . 373 50 . 50 3325 Parts Sabotaged . | . . . . . . Parts Stolen . | . . . . . . Parts Stripped . | . . . . . . Power Chain Reactions 11 | . 3 2 . 1 5 Alert | -11 -10 -10 -10 -9 -8 ------- Run | Yrd Mat Min Exi Min Mat Peak Influence 441 | . 441 179 . 93 436 Initial 139 | . . 139 . . 35 Average 108 | . 111 86 . 90 112 Maximum Alert Level 2 | . 2 . . . 2 Low Security (%) 88 | . 81 100 . 100 88 Level 1 8 | . 16 . . . 7 Level 2 2 | . 1 . . . 4 Level 3 . | . . . . . . Level 4 . | . . . . . . Level 5 . | . . . . . . High Security . | . . . . . . Max Security . | . . . . . . Squads Dispatched 10 | . 4 . . . 6 Investigation 5 | . 2 . . . 3 Extermination . | . . . . . . Reinforcement 5 | . 2 . . . 3 Assault . | . . . . . . Garrison . | . . . . . . Intercept . | . . . . . . Searches Triggered . | . . . . . . Construction Impeded . | . . . . . . Haulers Reinforced . | . . . . . . Active Scanning Responses . | . . . . . . Cargo Convoy Interrupts . | . . . . . . Stealth | -11 -10 -10 -10 -9 -8 --------- Run | Yrd Mat Min Exi Min Mat Distress Signals 4 | . 1 . . . 3 Communications Jammed . | . . . . . . Distress Signals . | . . . . . . Times Spotted 88 | . 28 8 . 3 49 Peak Tracking Total 7 | . 3 3 . 3 7 Tactical Retreats 5 | . 2 . . . 3 Traps | -11 -10 -10 -10 -9 -8 ------- Run | Yrd Mat Min Exi Min Mat Traps Triggered 2 | . 1 . . . 1 Indirectly . | . . . . . . Trap Hack Attempts . | . . . . . . Triggered . | . . . . . . Disarmed . | . . . . . . Reprogrammed . | . . . . . . Reused 1 | . . 1 . . . Traps Extracted . | . . . . . . Installed 2 | . . 1 . 1 . Triggered 1 | . . 1 . . . Most Traps Carried 3 | . . 3 3 1 . Machines | -11 -10 -10 -10 -9 -8 ---------- Run | Yrd Mat Min Exi Min Mat Machines Disabled 10 | . 2 1 . 1 6 Max in Single Turn 2 | . 2 1 . 1 2 Machines Repaired . | . . . . . . Machines Dismantled . | . . . . . . Machines Sabotaged . | . . . . . . Overloaded Fab Kills . | . . . . . . Hacking | -11 -10 -10 -10 -9 -8 --------- Run | Yrd Mat Min Exi Min Mat Machines Accessed 14 | . 7 . 2 . 5 Terminals 8 | . 5 . . . 3 Fabricators . | . . . . . . Repair Stations . | . . . . . . Recycling Units 3 | . 2 . . . 1 Scanalyzers 1 | . . . . . 1 Garrison Access . | . . . . . . Total Hacks 45 | . 24 . 5 . 16 Successful 31 | . 16 . 5 . 10 Failed 14 | . 8 . . . 6 Catastrophic 3 | . 1 . . . 2 Database Lockouts . | . . . . . . Manual 33 | . 20 . 1 . 12 Terminals 29 | . 18 . . . 11 Fabricators . | . . . . . . Repair Stations . | . . . . . . Recycling Units 8 | . 6 . . . 2 Scanalyzers 3 | . . . . . 3 Garrison Access . | . . . . . . Terminal Hacks 6 | . 1 . 5 . . Record 4 | . . . 4 . . Robot Analysis 1 | . 1 . . . . Derelict Proto ID Bank 1 | . . . 1 . . Fabricator Hacks . | . . . . . . Repair Station Hacks . | . . . . . . Recycling Unit Hacks 3 | . 2 . . . 1 Report Inventory 2 | . 2 . . . . Retrieve Components 1 | . . . . . 1 Scanalyzer 2 | . . . . . 2 Insert Component 1 | . . . . . 1 Analyze 1 | . . . . . 1 Garrison Access Hacks . | . . . . . . Unauthorized Hacks 20 | . 13 . . . 7 Terminals 17 | . 11 . . . 6 Assimilate 7 | . 4 . . . 3 Botnet 7 | . 5 . . . 2 Operators 1 | . . . . . 1 Skim 2 | . 2 . . . . Fabricators . | . . . . . . Repair Stations . | . . . . . . Recycling Units 3 | . 2 . . . 1 Tunnel 3 | . 2 . . . 1 Scanalyzers . | . . . . . . Garrison Access . | . . . . . . Data Cores Recovered . | . . . . . . Used . | . . . . . . Hacking Detections 9 | . 5 . . . 4 Full Trace Events 3 | . 1 . . . 2 Feedback Events . | . . . . . . Feedback Blocked . | . . . . . . Robot Schematics Acquired . | . . . . . . Robots Built . | . . . . . . Authchips . | . . . . . . Time . | . . . . . . Total Robot Build Rating . | . . . . . . Part Schematics Acquired . | . . . . . . Parts Built . | . . . . . . Authchips . | . . . . . . Time . | . . . . . . Total Part Build Rating . | . . . . . . Parts Repaired . | . . . . . . Time . | . . . . . . Parts Recycled . | . . . . . . Recycled Matter . | . . . . . . Retrieved Matter . | . . . . . . Retrieved Components 10 | . . . . . 10 Parts Scanalyzed 1 | . . . . . 1 Part Schematics Acquired . | . . . . . . Parts Damaged . | . . . . . . Bothacking | -11 -10 -10 -10 -9 -8 ------------ Run | Yrd Mat Min Exi Min Mat Used RIF Installer . | . . . . . . Robots Hacked . | . . . . . . Non-combat . | . . . . . . Combat . | . . . . . . Robot Hacks Applied . | . . . . . . Relay Couplers Released . | . . . . . . Fabnet Peak Effective % . | . . . . . . Robots Rewired . | . . . . . . Allies Hacked . | . . . . . . Hacks Repelled . | . . . . . . Allies | -11 -10 -10 -10 -9 -8 -------- Run | Yrd Mat Min Exi Min Mat Total Allies . | . . . . . . Largest Group . | . . . . . . Highest-Rated Group . | . . . . . . Highest-Rated Ally . | . . . . . . Total Orders . | . . . . . . Ally Attacks . | . . . . . . Total Damage . | . . . . . . Kills . | . . . . . . Allies Corrupted . | . . . . . . Allies Melted . | . . . . . . Intel | -11 -10 -10 -10 -9 -8 ------- Run | Yrd Mat Min Exi Min Mat Robot Analysis Total 1 | . 1 . . . . Derelict Logs Recovered 1 | . . 1 . . . Drone Launches . | . . . . . . Drone Recoveries . | . . . . . . Exploration | -11 -10 -10 -10 -9 -8 ------------- Run | Yrd Mat Min Exi Min Mat Turns Passed 8365 | . 1749 1050 835 126 4605 Spaces Moved 3015 | 1 886 730 609 84 705 Core 87 | . . . . . 87 Treads 379 | . . . . . 379 Legs 382 | 1 288 . . . 93 Wheels 2166 | . 598 730 609 84 145 Hover . | . . . . . . Flight 1 | . . . . . 1 Fastest Speed 105 | 120 120 135 135 135 105 Average Speed 247 | 120 172 135 135 135 568 Slowest Speed 1950 | 120 540 135 135 135 1950 Overloaded Moves . | . . . . . . Propulsion Burnouts . | . . . . . . Robots Hopped . | . . . . . . Cave-ins Triggered . | . . . . . . Exploration Rate (%) 62 | 2 96 98 89 27 61 Regions Visited 5 Branch Regions 3 Pre-discovered Areas 4 | . 2 . 1 . 1 Known Exits Taken . | . . . . . . Unknown Exits Taken 5 | 1 1 1 1 1 . Scrap Searched 2 | . . 1 . 1 . Spaces Dug 1 | . 1 . . . . Terrain Destroyed 89 | . 52 10 . 3 24 Melee 1 | . 1 . . . . Projectile 12 | . . . . . 12 AOE 76 | . 51 10 . 3 12 Terrain Rammed . | . . . . . . Walls Destroyed . | . . . . . . Machines Disabled . | . . . . . . Actions | -11 -10 -10 -10 -9 -8 --------- Run | Yrd Mat Min Exi Min Mat Total 3599 | . 1012 780 629 93 1085 Wait 174 | . 10 25 . . 139 Move 3010 | . 885 729 608 83 705 Hop . | . . . . . . Pick Up 69 | . 22 7 7 . 33 Fast Attach 26 | . 3 . . 1 22 Attach 25 | . 5 3 . 2 15 Detach 9 | . 2 . 2 . 5 Swap 29 | . 15 1 . 1 12 Drop 50 | . 7 2 12 2 27 Fire 198 | . 60 10 . 3 125 Melee 5 | . 3 . . . 2 Ram 2 | . . 2 . . . Kick . | . . . . . . Crush . | . . . . . . Escape Stasis . | . . . . . . Rewire . | . . . . . . Trap 2 | . . 1 . 1 . Miscellaneous . | . . . . . . Route ------- -11/Scrapyard -10/Materials (discovered 4 exits: [*Mat x3] / [*Min]) -10/Mines (discovered 3 exits: [*Mat x2] / *Exi) -10/Exiles -9/Mines -8/Materials (discovered 3 exits: *Fac x2 / [*Sto]) History --------- Turn | Location | Event 1 | -11/Scrapyard | Discovered new exit (range 0) 1 | -11/Scrapyard | Entered Materials 23 | -10/Materials | Discovered new exit (range 14) 313 | -10/Materials | Build established: Mutant 603 | -10/Materials | Discovered new exit (range 4) 1053 | -10/Materials | Discovered new exit (range 11) 1312 | -10/Materials | Lost 3 parts (1u2w) 1413 | -10/Materials | Discovered new exit (range 14) 1502 | -10/Materials | Core integrity fell below 50% 1750 | -10/Materials | Entered Mines 1918 | -10/Mines | Found a damaged Exp. Sensor Array with a note attached 1921 | -10/Mines | Found Prototype Device 2160 | -10/Mines | Discovered new exit (range 15) 2308 | -10/Mines | Found a hidden stash of uninstalled traps 2388 | -10/Mines | Discovered new exit (range 5) 2571 | -10/Mines | Deemed a non-threat by the Exiles lab entrance 2571 | -10/Mines | Discovered new exit (range 5) 2597 | -10/Mines | Learned location of 1 exit from Materials 2800 | -10/Mines | Entered Exiles 2858 | -10/Exiles | Met 8R-AWN 2877 | -10/Exiles | Met EX-HEX 2918 | -10/Exiles | Met EX-BIN 2933 | -10/Exiles | Aligned with FarCom system 2934 | -10/Exiles | Given EX-Vault access code 2965 | -10/Exiles | Opened EX-Vault 2997 | -10/Exiles | Warned to stay clear of 0b10 Research branches 3045 | -10/Exiles | Met EX-DEC 3088 | -10/Exiles | Visited The Gauntlet 3488 | -10/Exiles | Found Flying Fortress v7 3495 | -10/Exiles | Found PSU Rigger 3499 | -10/Exiles | Found Superbattery 3580 | -10/Exiles | Learned location of Zion (-6) 3622 | -10/Exiles | Discovered new exit (range 10) 3635 | -10/Exiles | Stole three prototypes: Flying Fortress v7, Superbattery, PSU Rigger 3635 | -10/Exiles | Entered Mines 3637 | -9/Mines | Core integrity fell below 20% 3750 | -9/Mines | Discovered new exit (range 9) 3761 | -9/Mines | Entered Materials 3761 | -8/Materials | Evolved 4 slots: Propulsion x2, Utility x2 3762 | -8/Materials | Identified exit to Factory 3766 | -8/Materials | Identified Exp. Sensor Array 3901 | -8/Materials | Lost 7 parts (1p2n2u2w) 4011 | -8/Materials | Lost 3 parts (2n1w) 4727 | -8/Materials | Discovered new exit (range 14) 5846 | -8/Materials | Discovered exit to Factory (range 15) 5907 | -8/Materials | Core integrity fell below 50% 6730 | -8/Materials | Core integrity fell below 20% 6766 | -8/Materials | Lost 5 parts (4n1u) 8366 | -8/Materials | Destroyed by G-47 Trooper with Particle Gun Last Messages --------------- 08285_ K-01 Serf cleans the Neutrino Reactor. 08286_ R-06 Scavenger inserts Corrupted Imp. Sensor Array into recycling unit. 08288_ K-01 Serf cleans the Neutrino Reactor. 08333_ Connecting with Recycling Unit... >>Retrieve(Components) Retrieving 10 components... Lgt. Ion Engine Wheel Corrupted Hcp. Matter Pod Lgt. Ion Engine Lgt. Deuterium Engine Corrupted Imp. Sensor Array Corrupted Flight Unit Hvy. EM Shotgun Powered Hammer Corrupted Flight Unit >>Force(Tunnel) DISCOVERED[-4/Hub_04(d)] 08333_ ALERT: Suspicious activity at Recycling Unit M001. Dispatching Investigation squad. 08353_ Acquired Lgt. Deuterium Engine. Map ----- +----------------------------------------------------+ | | | | | | | | | | | | | | | | | | | | | | | | | | | | | | | ?????????????????????????????????????????????????? | | ?????????????????????????????????????????????????? | | ?????????????????????????????????????????????????? | | ?????????????????????????????#######?????????????? | | ??????????????????????######## !!!#?????????????? | | ??????????????????????# # !! #?????????????? | | ??????????????????????# #! !! #?????????????? | | ??????????????????????# *!"" # #?########????? | | ??????????????????????# /=Y" # #?#!!!!||#????? | | ??????????????????????#==["" # #?#!!!! |#????? | | ??????????????????????# !@ # ! [ #?# / ##???? | | ??????????????????#^^ ###g######+##### ###### | | ??????????????????# g %%% % + | | ??????????????????# g [ #### T | | ????????????? """ % """ #??# | | ????????????####### """ """ #??# * | | ??????????????????# """ """ #??#### | | ??????????????????# #???### | | ??????????????????# #???# | | ??????????????????? % #???# | | ??????????????????+ #???# | | ??????????????????# % #???# | | ??????????????????####+#############+##"####???## | | ???????????????????????????????????? ?##???????# | | ????????????????????????????????????""??????????# | | ????????????????????????????????????""?########## | | ???????????????????????????????????????# % # | | ???????????????????????????????????????#""%% # | | ???????????????????????????????????????#"""% # | | ???????????????????????????????????????#""%% % # | | ???????????????????????????????????????#""%% % + | | ???????????????????????????????????????#""%% # | | ???????????????????????????????????????#""%% =# | | ???????????????????????????????????????#""%%% # | | ???????????????????????????????????????# % % # | +----------------------------------------------------+ Best States ------------- Heat Dissipation 31 Energy Generation 14 Energy Capacity 265 Matter Stores 300 Matter Capacity 300 Sight Range 16 Terrain Scan Density 10 Armor Coverage 600 Resistance: KI 20 Utility Shielding 66 Evasion (%) 55 Targeting Accuracy 12 Recoil Reduction 3 Item Schematics ----------------- None Robot Schematics ------------------ None Fabricated ------------ Nothing Alien Tech Used ----------------- None Achievements -------------- None Challenges ------------ None Game ------ Seed MicroRelayShovel Manual? 0 Play Time 01:00:44 Cumulative 85.0 hours Start 2024.11.15 @ 19:08:19 End 2024.11.16 @ 01:50:44 Sessions 1 Manual Loads 0 Difficulty Rogue Special Mode None Game No. 147 Rogue 147 Adventurer 0 Explorer 0 Win Type - Total 0 Types 0/0/0/0/0/0/0/0/0 Lore% 41 Gallery% 36 Achievement% 34 Wizard Run 0 Options --------- Layout 0 ASCII 0 Keyboard 0 Movement Mouse Keybinds 0 Fullscreen 1 Font 24/Smallcaps Map View 91x25 Zoom Use 93% Tactical HUD 1 Map Filters NONE Filters NONE Steam 1 RUN: 4318ef40-8759-4e43-82c7-db96a8371646